 Dungeon Crawl Stone Soup version 0.21.1-1-g345015f (webtiles) character file.

63 Fang the Skirmisher (level 4, 0/29 HPs)
             Began as a Gargoyle Berserker on June 6, 2018.
             Was a Believer of Trog.
             Slain by a kobold
             ... wielding a +0 whip
              (4 damage)
             ... on level 2 of the Dungeon.
             The game lasted 00:03:11 (1671 turns).

Fang the Skirmisher (Gargoyle Berserker)            Turns: 1671, Time: 00:03:12

Health: 0/29       AC:  5    Str: 27    XL:     4   Next: 10%
Magic:  4/4        EV: 12    Int:  7    God:    Trog [**....]
Gold:   119        SH:  0    Dex:  9    Spells: 3/3 levels left

rFire    . . .     SeeInvis .   a - +0 hand axe
rCold    . . .     Gourm    .   (no shield)
rNeg     + . .     Faith    .   b - +0 animal skin
rPois    ∞         Spirit   .   (no helmet)
rElec    +         Reflect  .   (no cloak)
rCorr    .         Harm     .   (no gloves)
MR       .....                  (no boots)
Stlth    +.........             (no amulet)
HPRegen  0.09/turn              (no ring)
MPRegen  0.09/turn              (no ring)

@: mighty, berserk cooldown, flying, starving, slowed, very slow
A: negative energy resistance 1, electricity resistance, unbreathing,
petrification resistance, rot immunity, AC +3
a: Berserk, Trog's Hand, Burn Spellbooks, Renounce Religion


You were on level 2 of the Dungeon.
You worshipped Trog.
Trog was pleased with you.
You were starving.

You visited 1 branch of the dungeon, and saw 2 of its levels.

You collected 119 gold pieces.

Inventory:

Hand Weapons
 a - a +0 hand axe (weapon)
Armour
 b - a +0 animal skin (worn)
Jewellery
 h - an uncursed ring of poison resistance {unknown}
 n - an uncursed ring of positive energy {unknown}
Scrolls
 d - 2 scrolls of identify {unknown}
 f - a scroll of remove curse {unknown}
 i - a scroll of enchant armour {unknown}
 j - a scroll of fear {unknown}
 k - 2 scrolls of teleportation {unknown}
Potions
 m - a potion of flight
Comestibles
 c - 4 rations


   Skills:
 + Level 3.9 Fighting
 + Level 3.7 Axes
 + Level 2.3 Armour
 + Level 2.0 Dodging


You had 3 spell levels left.
You didn't know any spells.

Dungeon Overview and Level Annotations

Branches:
Dungeon (2/15)

Altars:


Innate Abilities, Weirdness & Mutations

You are resistant to torment.
Your stone body is resilient. (AC +3)
You are immune to poison.
You resist negative energy. (rN+)
You are resistant to electric shocks. (rElec)
You can survive without breathing.
You are immune to petrification.
You are immune to rotting.


Message History

The jackal barely misses you. The kobold misses you.
The jackal closely misses you. The kobold barely misses you.
It was a potion of curing.
You feel better. The jackal barely misses you. The jackal misses you.
The kobold hits you with a whip.
* * * LOW HITPOINT WARNING * * *
It was a potion of flight.
You feel very buoyant.
You fly up into the air.
The jackal bites you.
* * * LOW HITPOINT WARNING * * *
The kobold barely misses you.
The jackal bites you but does no damage.
The kobold closely misses you.
Unknown command.
You hit the jackal.
You kill the jackal!
Trog accepts your kill.
You closely miss the kobold. The kobold misses you.
Unknown command.
The kobold closely misses you. The kobold hits you with a whip.
You die...

### #...########
#
#.#.##.....####.
#
#.#.#.......#...
#.#.#...#.....#?
..#..(.###...##
####.#$(#..#.
#.##...##
#.###.##
#.%..@K#
#....#..#
......###...#
.##.... .....#.
##... .......
##.. ....... #..
....### #..
....#


You could see a kobold.

Vanquished Creatures
  2 adders (D:2)
  A worm (D:2)
  A dart slug (D:1)
  A leopard gecko (D:1)
  4 bats
  A giant cockroach (D:1)
  5 goblins (D:1)
  5 hobgoblins
  7 jackals
  4 frilled lizards
  4 kobolds (D:1)
  2 rats (D:1)
37 creatures vanquished.

Notes
Turn   | Place    | Note
-------+----------+-------------------------------------------
     0 | D:1      | Fang the Gargoyle Berserker began the quest for the Orb.
     0 | D:1      | Reached XP level 1. HP: 14/14 MP: 1/1
    20 | D:1      | HP: 1/21 [leopard gecko (3)]
   491 | D:1      | Reached XP level 2. HP: 18/19 MP: 2/2
   730 | D:1      | Reached XP level 3. HP: 21/24 MP: 3/3
   996 | D:1      | Reached ** piety under Trog
  1651 | D:2      | Reached XP level 4. HP: 20/29 MP: 4/4
  1666 | D:2      | HP: 1/29 [jackal (1)]
  1671 | D:2      | Slain by a kobold

Skill      XL: |  1  2  3 |
---------------+----------+-----
Axes           | 3 |  3.7
Dodging        | 2 |  2.0
Fighting       | |  3.9
Armour         | |  2.3

Action                   |  1- 3 |  4- 6 || total
-------------------------+-------+-------++-------
Melee: Hand axe          |   114 |    15 ||   129
Invok: Berserk           |     4 |       ||     4
  Use: Potion            |       |     4 ||     4
  Eat: Chunk             |     4 |       ||     4
Armor: Animal skin       |    40 |    11 ||    51
Dodge: Dodged            |    94 |    43 ||   137
